 Dungeon Crawl Stone Soup version 0.31-a0-496-g6f97920a28 (webtiles) character file.

Game seed: 6944317456603039875

7011 Zonian the Grappler (level 11, -11/72 HPs)
             Began as an Octopode Shapeshifter on Aug 8, 2023.
             Was a Believer of Hepliaklqana.
             Mangled by an eight-headed hydra (16 damage)
             ... on level 2 of the Lair of Beasts.
             The game lasted 00:33:37 (13868 turns).

Zonian the Grappler (Octopode Shapeshifter)        Turns: 13868, Time: 00:33:40

Health: -11/72     AC:  1    Str: 19    XL:     11   Next: 8%
Magic:  11/11      EV: 19    Int: 16    God:    Hepliaklqana [**....]
Gold:   466        SH:  5    Dex: 13    Spells: 10/10 levels left

rFire   . .          .
                       - Unarmed
rCold   + . .        (shield currently unavailable)
rNeg    . . .        (helmet restricted)
rPois   .            o - amulet of reflection
rElec   .            d - ring of protection from cold
rCorr   .            j - +6 ring of intelligence
SInv    .            (no ring)
Will    .....        (no ring)
Stlth   ++           (no ring)
HPRegen 0.32/turn    (no ring)
MPRegen 0.12/turn    (no ring)
                     (no ring)

%: reflection
@: flux-form, glowing
A: glow, contaminating, reduced essence, almost no armour, amphibious, 8 rings,
camouflage 1, gelatinous body 1, (nimble swimmer 1), tentacles
a: Begin Untransformation, Renounce Religion, Recall Ancestor, Ancestor Identity


You were on level 2 of the Lair of Beasts.
You worshipped Hepliaklqana.
Hepliaklqana was pleased with you.
You were something dangerously unstable.
You visited 3 branches of the dungeon, and saw 12 of its levels.
You also visited: Ossuary.

You collected 466 gold pieces.

Inventory:

Missiles
 g - 4 throwing nets
Jewellery
 d - a ring of protection from cold (left tentacle)
 j - a +6 ring of intelligence (right tentacle)
 o - an amulet of reflection (around mantle)
 r - an amulet of the acrobat
Talismans
 b - a beast talisman
 c - a flux talisman (active)
Wands
 e - a wand of mindburst (7)
 q - a wand of charming (5)
 y - a wand of polymorph (4)
Scrolls
 f - 3 scrolls of vulnerability
 i - 3 scrolls of enchant armour
 k - a scroll of amnesia
 s - 2 scrolls of poison
 u - a scroll of teleportation
 x - 2 scrolls of fog
 z - a scroll of fear
Potions
 a - a potion of lignification
 h - 5 potions of attraction
 l - 3 potions of haste
 m - a potion of cancellation
 n - a potion of enlightenment
 p - a potion of degeneration
 t - 2 potions of ambrosia
 v - 6 potions of brilliance
 w - 3 potions of might


   Skills:
 + Level 9.2 Fighting
 - Level 4.0 Dodging
 - Level 6.0 Stealth
 + Level 9.6 Unarmed Combat
 + Level 8.2 Shapeshifting


You had 10 spell levels left.
You didn't know any spells.
Your spell library contained the following spells:

 Spells                   Type           Power      Damage    Failure   Level
 Freeze                   Ice            0%         1d3       26%         1
 Slow                     Hex            0%         N/A       26%         1
 Sublimation of Blood     Necr           0%         N/A       36%         2
 Wereblood                Tmut           0%         N/A       36%         2
 Confusing Touch          Hex            0%         N/A       58%         3
 Frozen Ramparts          Ice            0%         1d1       58%         3
 Hailstorm                Conj/Ice       0%         3d3       58%         3
 Summon Guardian Golem    Hex/Summ       0%         N/A       58%         3
 Vampiric Draining        Necr           0%         2d6       58%         3
 Irradiate                Conj/Tmut      0%         3d11      100%        5
 Orb of Destruction       Conj           0%         9d5       100%        7
 Spellforged Servitor     Conj/Summ      0%         N/A       100%        7
 Summon Hydra             Summ           0%         N/A       100%        7


Dungeon Overview and Level Annotations

Branches:
Dungeon (9/15)             Temple (1/1) D:7            Lair (2/5) D:8
Ossuary (visited)
  Swamp: Lair:2-3    Shoals: Lair:2-3     Snake: Lair:2-3    Spider: Lair:2-3
    Orc: D:9-12

Altars:
Ashenzari
Cheibriados
Dithmenos
Fedhas
Gozag
Hepliaklqana
Nemelex Xobeh
Okawaru
Qazlal
Ru
Sif Muna
Trog
Uskayaw
Vehumet
Xom

Shops:
D:3 :

Portals:
Abyss: D:7

Annotations:
D:5 3 runed translucent doors, chud's ghost, weakling DECj
D:7 2 transporters, Pokonic1's ghost, novice DsIE


Innate Abilities, Weirdness & Mutations

You are something dangerously unstable.
You glow with magical radiation, making you easy to see and hit.
Foes you strike become dangerously contaminated with magical radiation.
You are incapable of wielding weapons or throwing items.
Your life essence is reduced to manifest your ancestor. (-10% HP)
You cannot wear most types of armour.
You are amphibious.
You can wear up to eight rings at the same time.
Your skin changes colour to match your surroundings (Stealth+).
Your rubbery body absorbs attacks. (AC +1, EV +1)
((You are camouflaged when in or above water. (Stealth+)))
You have tentacles for arms and can constrict up to eight enemies at once.


Message History

The eight-headed hydra roars!
You hear an angry hiss.
Found a stone staircase leading down.
There is a stone staircase leading up here.
An eight-headed hydra is nearby!
Unknown command.
You climb upwards.
There is a stone staircase leading down here.
Unknown command.
There is a stone staircase leading down here.
You climb downwards.
You may now remember your ancestor's life.
There is a stone staircase leading up here.
Mania hits the yak!!
The yak begins to glow.
The yak bellows! x3
You climb upwards.
There is a stone staircase leading down here.
Unknown command.
It is so.
Unknown command.
You swap places.
There is a stone staircase leading down here.
You climb downwards.
The eight-headed hydra bites Mania.
Mania begins to glow.
The eight-headed hydra bites Mania.
Mania glows dangerously bright.
The eight-headed hydra bites Mania!
Mania shudders as magic cascades through her!!
You destroy Mania!
You block the eight-headed hydra's attack.
The eight-headed hydra bites you! x2; The eight-headed hydra bites you.
The eight-headed hydra barely misses you.
The eight-headed hydra bites you! x3
* * * LOW HITPOINT WARNING * * *
The eight-headed hydra bites you.
* * * LOW HITPOINT WARNING * * *
The eight-headed hydra bites you.
* * * LOW HITPOINT WARNING * * *
You block the eight-headed hydra's attack.
The eight-headed hydra bites you!
You die...

#####
#.B.#
#..D.##
........#
.........
##.......
#..#....P
###.>...#
#.#..##


You could see an eight-headed hydra.

Vanquished Creatures
  A cane toad (Lair:1)
  A hornet (D:8)
  Grinder (D:6)
  Eustachio (D:6)
  9 yaks (Lair:1)
  2 basilisks (Lair:1)
  Menkaure (Ossuary)
  Duvessa (D:7)
  2 water moccasins (Lair:1)
  2 ice beasts
  2 ogres
  An orc warrior (D:8)
  4 black bears
  3 centaurs
  3 kobold brigands
  10 bullfrogs
  3 gnoll sergeants
  2 scorpions
  5 wights (D:7)
  Dowan (D:7)
  4 howler monkeys
  A jelly (D:5)
  3 hounds
  2 orc priests
  4 iguanas
  Jessica (D:3)
  An ancestor (Lair:1)
  A hexer (Lair:2)
  7 orc wizards
  3 mummies (Ossuary)
  23 gnolls
  8 adders
  2 shadow imps
  2 worms
  28 orcs
  9 ball pythons
  11 endoplasms
  3 giant cockroaches
  12 goblins
  6 hobgoblins
  12 jackals
  6 quokkas
  2 bats
  2 frilled lizards
  6 gnoll skeletons (Ossuary)
  5 gnoll zombies (Ossuary)
  4 goblin skeletons (Ossuary)
  5 goblin zombies (Ossuary)
  A hobgoblin skeleton (Ossuary)
  2 hobgoblin zombies (Ossuary)
  27 kobolds
  6 kobold skeletons (Ossuary)
  6 kobold zombies (Ossuary)
  5 orc skeletons (Ossuary)
  5 orc zombies (Ossuary)
  6 rats
  3 rat skeletons (Ossuary)
  2 rat zombies (Ossuary)
291 creatures vanquished.

Vanquished Creatures (collateral kills)
  A cane toad (Lair:1)
  A rime drake (Lair:1)
2 creatures vanquished.

Vanquished Creatures (others)
  2 ancestors
2 creatures vanquished.

Grand Total: 295 creatures vanquished

Notes
Turn   | Place    | Note
-------+----------+-------------------------------------------
     0 | D:1      | Zonian the Octopode Shapeshifter began the quest for the
                  | Orb.
     0 | D:1      | Reached XP level 1. HP: 13/13 MP: 1/1
   150 | D:1      | Reached XP level 2. HP: 17/18 MP: 2/2
   240 | D:1      | Reached XP level 3. HP: 20/24 MP: 3/3
   571 | D:2      | Reached XP level 4. HP: 11/29 MP: 4/4
  1086 | D:3      | Found Etheriff's Book Emporium.
  1109 | D:3      | Reached XP level 5. HP: 24/35 MP: 5/5
  1377 | D:3      | Noticed Jessica
  1402 | D:3      | Killed Jessica
  1986 | D:3      | Found a faded altar of an unknown god.
  2102 | D:4      | Reached XP level 6. HP: 42/42 MP: 6/6
  2668 | D:4      | Found a sand-covered staircase.
  2677 | Ossuary  | Entered an ossuary
  3686 | Ossuary  | Noticed Menkaure
  3708 | Ossuary  | Killed Menkaure
  3709 | Ossuary  | Reached skill level 5 in Unarmed Combat
  3709 | Ossuary  | Reached XP level 7. HP: 48/48 MP: 7/7
  4085 | D:4      | Found a bloodstained altar of Trog.
  4085 | D:4      | Found a sacrificial altar of Ru.
  4287 | D:4      | HP: 2/49 [poisoned by a kobold brigand]
  5226 | D:5      | Entered Level 5 of the Dungeon
  5481 | D:5      | Reached skill level 5 in Shapeshifting
  5734 | D:5      | Reached XP level 8. HP: 27/54 MP: 8/8
  6085 | D:5      | Reached skill level 5 in Fighting
  6938 | D:5      | Found a runed translucent gate.
  6938 | D:5      | Found a runed translucent gate.
  6938 | D:5      | Found a runed translucent gate.
  6945 | D:5      | Noticed chud's ghost (weakling DECj)
  7020 | D:6      | Found a shimmering altar of Xom.
  7080 | D:6      | Found a broken altar of Ashenzari.
  7783 | D:6      | You fall into a shaft and drop 3 floors!
  7783 | D:9      | Found a snail-covered altar of Cheibriados.
  7791 | D:9      | Noticed a hornet
  7834 | D:9      | Found a blossoming altar of Fedhas.
  7867 | D:8      | Reached skill level 1 in Stealth
  7916 | D:7      | Noticed Dowan
  7918 | D:7      | Noticed Duvessa
  8711 | D:7      | Reached XP level 9. HP: 62/62 MP: 9/9
  8795 | D:7      | Found a transporter.
  8810 | D:7      | Found a staircase to the Ecumenical Temple.
  8849 | D:7      | HP: 2/63 [centaur/arrow (15)]
  8884 | D:7      | Killed Duvessa
  8896 | D:7      | Killed Dowan
  9132 | D:7      | Found a transporter.
  9133 | D:7      | Noticed an ice devil
  9276 | D:6      | Noticed Eustachio
  9305 | D:6      | Killed Eustachio
  9527 | D:6      | Noticed Grinder
  9551 | D:6      | Killed Grinder
 10540 | Temple   | Entered the Ecumenical Temple
 10577 | Temple   | Became a worshipper of Hepliaklqana the Forgotten
 10597 | D:7      | Reached XP level 10. HP: 71/72 MP: 10/10
 10716 | D:7      | Noticed Pokonic1's ghost (novice DsIE)
 10719 | D:7      | Found a one-way gate to the infinite horrors of the Abyss.
 10758 | D:7      | Noticed a toenail golem
 10771 | D:7      | Found a sparkling altar of Nemelex Xobeh.
 10772 | D:7      | Found an opulent altar of Gozag.
 11970 | D:8      | Reached * piety under Hepliaklqana
 12082 | D:8      | Noticed a two-headed ogre
 12518 | D:8      | Found a staircase to the Lair.
 12526 | Lair:1   | Entered Level 1 of the Lair of Beasts
 12726 | Lair:1   | Noticed a cane toad
 12736 | Lair:1   | Killed a cane toad
 12742 | Lair:1   | Reached skill level 5 in Stealth
 13117 | Lair:1   | Noticed a cane toad
 13128 | Lair:1   | Killed a cane toad
 13553 | Lair:1   | Reached XP level 11. HP: 72/72 MP: 11/11
 13841 | Lair:2   | Noticed an eight-headed hydra
 13854 | Lair:2   | Reached ** piety under Hepliaklqana
 13857 | Lair:1   | Remembered your ancestor Mania as a hexer
 13868 | Lair:2   | Mangled by an eight-headed hydra

Illustrated notes

Levels and vault maps discovered:
D:1:      amcnicky_arrival_flooded_fountain, layout_rooms, nicolae_grassy_gnolls
D:2:      cheibrodos_old_hovel, layout_rooms, minmay_fountain_box
D:3:      layout_basic, serial_shops, shop, shapermc_ecumenical_altar_acropolis,
          uniq_jessica
D:4:      cheibrodos_thug_alley, layout_layer_cave,
          mainiacjoe_overflow_divided_tiny, chequers_ossuary_entry_cave,
          saegor_snake_ambush
D:5:      layout_cave_pods, gammafunk_ghost_necromancy
D:6:      layout_basic, nicolae_overflow_crystal_walls,
          mainiacjoe_overflow_paths, chequers_serial_rivers_micro_b,
          grunt_decor_clamped, uniq_eustachio, uniq_grinder
D:7:      layout_rooms, grunt_temple_overflow_opulence,
          minmay_temple_entry_purple_smoke, gammafunk_ghost_abyssal_escape,
          uniq_duvessa
D:8:      layout_rooms, lair_entry_dummy, enter_bailey_6, uniq_joseph
D:9:      layout_loops_corners, good_gods_temple_1,
          minmay_overflow_temple_star_quad,
          mainiacjoe_overflow_concentric_impassable,
          nicolae_wu_jian_immortal_techniques, cheibriados_altar_1, minivault_5
Temple:   nicolae_temple_ecumenical_triangle
Lair:1:   layout_long_grid, beast_lair_carwin_3
Lair:2:   layout_cave_pods, chequers_serial_rivers_micro_d, uniq_erica

Skill      XL: |  1  2  3  4  5  6  7  8  9 10 |
---------------+-------------------------------+-----
Fighting       | 2 3 4 6 7 9 |  9.2
Unarmed Combat | 4 5 6 8 9 |  9.6
Shapeshifting  | 4 5 7 8 |  8.2
Stealth        | 3 4 6 |  6.0
Dodging        | 4 |  4.0

Action                     |  1- 3 |  4- 6 |  7- 9 | 10-12 || total
---------------------------+-------+-------+-------+-------++-------
  Melee: Unarmed           |    48 |   183 |   227 |   124 ||   582
         Constrict         |    16 |    46 |    63 |    30 ||   155
         Tentacles         |    15 |    37 |    54 |    34 ||   140
         Punch             |     1 |    14 |    14 |       ||    29
 Invoke: Ancestor Identity |       |       |       |     1 ||     1
         Ancestor Life: He |       |       |       |     1 ||     1
Ability: Begin Untransform |       |       |     1 |       ||     1
  Evoke: Wand              |       |       |    12 |     6 ||    18
    Use: Potion            |     1 |       |    10 |     2 ||    13
         Scroll            |       |     5 |    14 |     6 ||    25
   Stab: Sleeping          |       |    10 |     5 |     2 ||    17
         Distracted        |       |     1 |     1 |     1 ||     3
 Armour: Skin              |     3 |    10 |     9 |     1 ||    23
  Dodge: Dodged            |    27 |    65 |   118 |    63 ||   273
  Block: Other             |       |    19 |    43 |    24 ||    86
         Reflection        |       |       |     6 |     1 ||     7
   Form: Flux              |       |       |     1 |       ||     1

Table legend: (Time is in decaauts)
 A = Elapsed time spent in this place.
 B = Non-inter-level travel time spent in this place.
 C = Inter-level travel time spent in this place.
 D = Time resting spent in this place.
 E = Time spent auto-exploring this place.
 F = Levels seen in this place.
 G = Mean time per level.
                   A        B        C        D        E       F      G
               +--------+--------+--------+--------+--------+-----+--------+
         Total |  13812 |  13534 |    278 |   6552 |   4127 |  13 | 1062.5 |
       Dungeon |  11319 |  11079 |    240 |   5254 |   3647 |   9 | 1257.7 |
        Temple |     48 |     48 |      0 |      0 |      0 |   1 |   48.0 |
          Lair |   1331 |   1294 |     37 |    612 |    443 |   2 |  665.5 |
       Ossuary |   1112 |   1112 |      0 |    686 |     37 |   1 | 1112.0 |
               +--------+--------+--------+--------+--------+-----+--------+

Top non-repeatable levels by time:
     D:7: 2407 daAuts
     D:4: 2060 daAuts
     D:5: 1978 daAuts
     D:8: 1418 daAuts
  Lair:1: 1328 daAuts
     D:6: 1257 daAuts
 Ossuary: 1112 daAuts
     D:3: 1064 daAuts
     D:2: 556 daAuts
     D:1: 522 daAuts
     D:9: 52 daAuts
  Temple: 48 daAuts
  Lair:2: 3 daAuts
